cohdb
Replays
Latest Replays
All Replays
Popular Replays
Top Player Replays
Match Explorer
How It Works
Community
CoH3 Stats
Reddit
Sign in to upload your games and track your stats! →
Sign in with Steam
Match 41694871
Unlisted
Match 41694871
Overview
Messages
Build Orders
End
Construct Infanterie Kompanie
Kettenkrad Recon Vehicle
Grenadier Squad
MG 42 Machine Gun Team
Grenadier Squad
Infanterie Officer Quarters
Selects Luftwaffe Battlegroup
Medical Station
Selects Stuka Strafing Run
Stuka Strafing Run
Grenadier Squad
Sniper
Stuka Strafing Run
Selects Fallschirmjäger Squad Paradrop
Construct Panzergrenadier Kompanie
Kettenkrad Recon Vehicle
Stuka Strafing Run
251 Medium Carrier
Pak 40 Anti-tank Gun Team
Stuka Strafing Run
Support Elements
Selects Fragmentation Bombs
Selects Luftwaffe Pioneer Support
StuG III G Assault Gun
Florial
Игрок
سَۨفُـيٰانۨوٰس
mohamedkerdaoui
0
0
Comments
sign in to comment!
No comments posted yet!